 Dungeon Crawl Stone Soup version 0.18-a0-1800-gdc7a371 (webtiles) character file.

5591 Lokkij the Martial Artist (level 10, -1/70 HPs)
             Began as a Vine Stalker Monk on Apr 24, 2016.
             Was a Follower of Ru.
             Slain by an orc warrior
             ... wielding a +0 halberd
              (5 damage)
             ... on level 9 of the Dungeon.
             The game lasted 00:52:52 (7202 turns).

Lokkij the Martial Artist (Vine Stalker Monk)       Turns: 7202, Time: 00:52:53

Health: -1/70      AC: 25    Str: 19 (20) XL:     10   Next: 72%
Magic:  0/20       EV:  2    Int:  9 (11) God:    Ru [*.....]
Gold:   468        SH:  0    Dex: 17 (18) Spells: 0 memorised, 9 levels left

rFire  . . .     SeeInvis .       - Unarmed
rCold  . . .     Gourm    .     (armour currently unavailable)
rNeg   + + +     Faith    .     (no shield)
rPois  +         Spirit   +     (helmet currently unavailable)
rElec  .         Dismiss  .     (cloak currently unavailable)
rCorr  .         Reflect  .     (gloves currently unavailable)
SustAt .         Harm     .     (boots currently unavailable)
MR     ++...     NoTele   +     (no amulet)
Stlth  +++.......               v - ring of magical power
                                K - ring of positive energy

@: mighty, tree-form, very resistant to hostile enchantments, fairly stealthy
A: (fangs 0), magic resistance 1, regeneration 2, magic shield, (antimagic
bite), no device heal 3, rot immunity, hated by all
a: Renounce Religion


You were on level 9 of the Dungeon.
You worshipped Ru.
Ru was aware of your devotion.
You were not hungry.
You were a tree.
You visited 2 branches of the dungeon, and saw 10 of its levels.

You collected 468 gold pieces.

Inventory:

Hand Weapons
 t - a +2 quarterstaff of crushing
Armour
 d - a +2 robe of positive energy
 g - a +3 leather armour of magic resistance (melded)
 s - a +1 hat (melded)
 w - the +1 leather armour "Qor Inla" {rN+ MR+}
   (You found it on level 4 of the Dungeon)

   It protects you from negative energy.
   It affects your resistance to hostile enchantments.
Jewellery
 h - an uncursed ring of sustain attributes
 q - an uncursed amulet of harm
 u - a +3 ring of intelligence
 v - a ring of magical power (right branch)
 K - a ring of positive energy (left branch)
Wands
 e - a wand of enslavement (11/24)
 A - a wand of disintegration (13/24)
 D - a wand of digging (14/24)
 E - a wand of iceblast (5/15)
 G - a wand of confusion (26/48)
 L - a wand of digging (8/24)
 M - a wand of polymorph (13/24)
 N - a wand of random effects (36/48)
Scrolls
 c - a scroll of remove curse
 i - 2 scrolls of enchant armour
 j - 4 scrolls of amnesia {unknown}
 k - 4 scrolls of recharging {unknown}
 l - a scroll of enchant weapon
 n - 8 scrolls of identify {unknown}
 o - 3 scrolls of silence {unknown}
 p - 2 scrolls of teleportation {unknown}
 x - 2 scrolls of blinking {unknown}
 y - a scroll of fog
 C - 2 scrolls of magic mapping {unknown}
 F - a scroll of immolation {unknown}
 J - a scroll of vulnerability {unknown}
Potions
 m - 7 potions of curing
 z - a potion of might
 P - a potion of ambrosia
Comestibles
 b - 9 bread rations
 f - 6 meat rations
 B - 8 fruits
 H - 7 slices of pizza
 I - 3 beef jerkies
 O - a chunk of flesh


   Skills:
 - Level 2.6 Fighting
 + Level 7.0 Dodging
 - Level 2.4 Stealth
 * Level 13.7 Unarmed Combat


You had 9 spell levels left.
You didn't know any spells.

Dungeon Overview and Level Annotations

Branches:
Dungeon (9/15)             Temple (1/1) D:4
   Lair: D:8-11         Orc: D:9-12

Altars:
Ashenzari
Cheibriados
Dithmenos
Elyvilon
Fedhas
Gozag
Kikubaaqudgha
Makhleb
Nemelex Xobeh
Okawaru
Qazlal
Ru
Sif Muna
Trog
Vehumet
Xom
Yredelemnul
Zin
The Shining One

Annotations:
D:7 exclusion: ice statue


Innate Abilities, Weirdness & Mutations

((You have razor-sharp teeth.))
You heal very quickly.
When hurt, damage is shared between your health and your magic reserves.
((Your bite disrupts and absorbs the magic of your enemies.))
Potions and wands cannot restore your health.
You are immune to rotting.
You are hated by all.
You are resistant to hostile enchantments.


Message History

* * * LOW HITPOINT WARNING * * *
The kobold is stunned by your will and fails to attack.
The yak gores you but does no damage.
You completely miss the warg.
The warg is moderately wounded.
The orc priest looks braver for a moment.
The warg bites you but does no damage.
You barely miss the warg.
The warg is moderately wounded.
The orc warrior hits you but does no damage.
The yak gores you but does no damage. The warg bites you but does no damage.
The orc priest invokes the aid of Beogh against you.
Beogh smites you!
* * * LOW HITPOINT WARNING * * *
Read which item? (? for menu, Esc to quit)
As you read the scroll labeled RUIZEU PUELUIS, it crumbles to dust.
The scroll dissolves into smoke.
It was a scroll of fog.
The yak gores you but does no damage. The warg bites you but does no damage.
The orc warrior hits you from afar with a halberd.
You die...

### ..##+###.##
.........(# ####
..........# #...
#§.###########_..
###.#####§.#....#.<.##...
.....KYh♣§§..(#.....#####
o....hoY#§....#.....#....
.####ho####..####...###.#
###oK####..####...###.#
..oo.K..............#..
#...###.............#..
#.... ###......)....'..
..... #..######..##..
##+# ###+#####


You could see 2 yaks, a warg, an orc warrior, an orc priest, an orc wizard, 2
orcs, 2 jackals and a kobold.

Vanquished Creatures
  Erica (D:8)
  Pikel (D:6)
  A wyvern (D:8)
  3 yaks (D:9)
  A human (D:7)
  Edmund (D:5)
  A warg (D:9)
  Menkaure (D:5)
  An orc warrior (D:7)
  A slave (D:6)
  3 ice beasts
  4 ogres
  2 phantoms (D:8)
  3 centaurs
  3 big kobolds
  Blork the orc (D:5)
  8 giant frogs
  4 killer bees (D:8)
  4 wights (D:8)
  A giant frog zombie (D:7)
  2 centaur zombies
  3 crimson imps
  A quasit (D:5)
  A gnoll shaman (D:7)
  4 hounds
  2 orc priests
  A jelly (D:8)
  2 centaur skeletons
  An iguana (D:4)
  4 orc wizards
  4 worker ants
  4 sheep (D:7)
  A hound zombie (D:6)
  A hound skeleton (D:9)
  A howler monkey zombie (D:7)
  A worker ant zombie (D:7)
  Robin (D:4)
  9 gnolls
  8 adders
  A shadow imp (D:9)
  7 worms
  9 dart slugs
  2 giant geckos
  19 orcs
  5 giant cockroaches
  13 hobgoblins
  3 jackals (D:3)
  5 quokkas
  2 ball pythons (D:3)
  6 bats
  7 giant newts
  8 goblins
  10 kobolds
  4 rats
197 creatures vanquished.

Vanquished Creatures (others)
  3 jackals (D:6)
3 creatures vanquished.

Grand Total: 200 creatures vanquished

Notes
Turn   | Place    | Note
--------------------------------------------------------------
     0 | D:1      | Lokkij the Vine Stalker Monk began the quest for the Orb.
     0 | D:1      | Reached XP level 1. HP: 11/11 MP: 2/2
   203 | D:1      | Reached XP level 2. HP: 16/16 MP: 3/3
   665 | D:2      | Reached skill level 5 in Unarmed Combat
   665 | D:2      | Reached XP level 3. HP: 19/19 MP: 4/4
   761 | D:2      | Reached XP level 4. HP: 11/23 MP: 3/5
   850 | D:2      | Found a stormy altar of Qazlal.
   852 | D:2      | Found a blossoming altar of Fedhas.
  1396 | D:2      | Reached skill level 6 in Unarmed Combat
  1550 | D:3      | Found a glowing silver altar of Zin.
  1552 | D:3      | Found a white marble altar of Elyvilon.
  1556 | D:3      | Found a glowing golden altar of the Shining One.
  1613 | D:3      | Reached XP level 5. HP: 26/27 MP: 4/6
  1998 | D:3      | Noticed a big kobold
  2027 | D:3      | Killed a big kobold
  2027 | D:3      | Reached skill level 7 in Unarmed Combat
  2027 | D:3      | Gained mutation: You heal very quickly. [Vine Stalker growth]
  2027 | D:3      | Reached XP level 6. HP: 31/32 MP: 7/7
  2417 | D:4      | Found a burning altar of Makhleb.
  2622 | D:4      | Found a staircase to the Ecumenical Temple.
  2630 | Temple   | Entered the Ecumenical Temple
  2824 | D:4      | Noticed Robin
  2836 | D:4      | Killed Robin
  2913 | D:4      | Got a heavily runed leather armour
  2927 | D:4      | Identified the cursed +1 leather armour "Qor Inla" {rN+ MR+} (You found it on level 4 of the Dungeon)
  2944 | D:5      | Entered Level 5 of the Dungeon
  2984 | D:5      | Reached skill level 8 in Unarmed Combat
  3166 | D:5      | Noticed Blork the orc
  3175 | D:5      | Killed Blork the orc
  3175 | D:5      | Reached XP level 7. HP: 32/35 MP: 8/8
  3349 | D:5      | Noticed Menkaure
  3361 | D:5      | Killed Menkaure
  3396 | D:5      | Reached skill level 9 in Unarmed Combat
  3418 | D:5      | Noticed Edmund
  3446 | D:5      | Killed Edmund
  3495 | D:5      | Gained mutation: You have razor-sharp teeth. [Vine Stalker growth]
  3495 | D:5      | Reached XP level 8. HP: 21/39 MP: 9/9
  3532 | D:5      | Found a radiant altar of Vehumet.
  3926 | D:6      | Found an opulent altar of Gozag.
  3937 | D:6      | Reached skill level 10 in Unarmed Combat
  4182 | D:6      | Noticed Pikel
  4266 | D:6      | Killed Pikel
  4266 | D:6      | Reached skill level 11 in Unarmed Combat
  4266 | D:6      | Reached XP level 9. HP: 40/43 MP: 10/10
  4576 | D:7      | Noticed an ice statue
  4913 | D:7      | Reached skill level 5 in Dodging
  5224 | D:7      | HP: 2/43 [giant frog (5)]
  5599 | D:7      | Reached skill level 12 in Unarmed Combat
  5841 | D:8      | Noticed Erica
  5888 | D:8      | Found an iron altar of Okawaru.
  6212 | D:8      | Gained mutation: You are resistant to hostile enchantments. [potion of beneficial mutation]
  6228 | D:8      | Killed Erica
  6228 | D:8      | Reached XP level 10. HP: 8/47 MP: 6/11
  6343 | D:8      | Found a sacrificial altar of Ru.
  6343 | D:8      | Found a basalt altar of Yredelemnul.
  6349 | D:8      | Became a worshipper of Ru the Awakened
  6364 | D:8      | Gained mutation: You are hated by all. [Ru sacrifice]
  6364 | D:8      | Reached * piety under Ru
  6556 | D:8      | Found a deep blue altar of Sif Muna.
  6627 | D:8      | Reached skill level 13 in Unarmed Combat
  7082 | D:9      | Found a shadowy altar of Dithmenos.
  7201 | D:9      | HP: 3/70 [orc priest/divine providence (8)]
  7202 | D:9      | Slain by an orc warrior

Vault maps used:
D:1:      dpeg_arrival_houses_and_road
D:2:      grunt_temple_overflow_forces_of_nature
D:3:      kennysheep_slugbush, good_gods_mini_temple
D:4:      makhleb_blood_cavern_becter, minmay_temple_entry_butterflies,
          first_bread, uniq_robin
D:5:      fiery_altar_vehumet, serial_bayou_pond_e, uniq_blork_the_orc,
          uniq_edmund, uniq_menkaure
D:6:      kennysheep_little_box, uniq_pikel
D:7:      lemuel_ice_statue, grunt_livestock
D:8:      gammafunk_temple_overflow_wave, led_sif_pool, okawaru_metal_pillars_3,
          uniq_erica
D:9:      grunt_dithmenos_shadows, kennysheep_mini, erik_lair_orcish_takeover,
          fedhas_altar_2
Temple:   nicolae_temple_great_sept

Skill      XL: |  1  2  3  4  5  6  7  8  9 10 |
---------------+-------------------------------+-----
Unarmed Combat | 5 6 7 8 9 11 12 13 | 13.7
Dodging        | 3 4 6 7 |  7.0
Fighting       | |  2.6
Stealth        | |  2.4

Action                   |  1- 3 |  4- 6 |  7- 9 | 10-12 || total
-------------------------+-------+-------+-------+-------++-------
Melee: Unarmed           |    80 |   221 |   282 |   113 ||   696
       Bite              |    20 |    59 |    94 |    20 ||   193
       Punch             |     1 |    17 |    18 |     9 ||    45
Invok: Sacrifice Love    |       |       |       |     1 ||     1
  Use: Potion            |     2 |     1 |     9 |     3 ||    15
       Scroll            |       |     4 |       |     1 ||     5
 Stab: Sleeping          |     4 |     8 |    12 |       ||    24
       Invisible         |       |       |     4 |       ||     4
       Distracted        |       |       |       |     2 ||     2
  Eat: Chunk             |       |     8 |     8 |     4 ||    20
       Fruit             |       |       |     1 |       ||     1
Armor: Robe              |    13 |     5 |       |       ||    18
       Leather armour    |       |    43 |    49 |    15 ||   107
       Skin              |       |       |     4 |    42 ||    46
Dodge: Dodged            |    53 |    91 |   121 |    54 ||   319
